 Dungeon Crawl Stone Soup version 0.26.1-11-gd32895ea62 (webtiles) character file.

Game seed: 12519168596357515187

127 Zeld the Digger (level 5, -1/28 HPs)
             Began as a Gargoyle Earth Elementalist on June 8, 2021.
             Slain by an ogre
             ... wielding a +0 giant spiked club
              (29 damage)
             ... on level 4 of the Dungeon.
             The game lasted 00:03:08 (2791 turns).

Zeld the Digger (Gargoyle Earth Elementalist)       Turns: 2791, Time: 00:03:09

Health: -1/28      AC:  8    Str: 12    XL:     5   Next: 11%
Magic:  2/9        EV: 12    Int: 16    God:
Gold:   184        SH:  0    Dex: 10    Spells: 3/9 levels left

rFire    . . .     SeeInvis .   (no weapon)
rCold    . . .     Faith    .   (no shield)
rNeg     + . .     Spirit   .   c - +0 robe
rPois    ∞         Reflect  .   k - +1 helmet
rElec    +         Harm     .   (no cloak)
rCorr    .         Rampage  .   (no gloves)
Will     .....                  (no boots)
Stlth    ++........             (no amulet)
HPRegen  0.09/turn              (no ring)
MPRegen  0.11/turn              (no ring)

@: no status effects
A: negative energy resistance 1, electricity resistance, unbreathing,
petrification resistance, miasma immunity, AC +4
a: no special abilities


You were on level 4 of the Dungeon.
You visited 1 branch of the dungeon, and saw 4 of its levels.

You collected 184 gold pieces.

Inventory:

Missiles
 b - 63 stones (quivered)
Armour
 c - a +0 robe (worn)
 f - a +0 buckler
 k - a +1 helmet (worn)
Jewellery
 e - an uncursed ring of see invisible {unknown}
 h - an uncursed ring of ice {unknown}
 p - a cursed -4 ring of strength {unknown}
 u - an uncursed ring of magical power {unknown}
Wands
 s - a wand of random effects (17)
Scrolls
 d - 2 scrolls of fear
 g - a scroll of enchant weapon
 j - 2 scrolls of magic mapping
 l - 4 scrolls of teleportation
 n - a scroll of enchant armour
 v - a scroll of remove curse {unknown}
Potions
 a - a potion of flight {unknown}
 i - 2 potions of curing {unknown}
 m - a potion of might {unknown}
 o - a potion of mutation {unknown}
 q - 2 potions of resistance {unknown}
 r - a potion of brilliance {unknown}
 t - 3 potions of lignification {unknown}


   Skills:
 + Level 2.3 Dodging
 - Level 2.1 Stealth
 * Level 2.1 Shields
 + Level 2.6 Spellcasting
 - Level 0.7 Transmutations
 * Level 5.1 Earth Magic


You had 3 spell levels left.
You knew the following spells:

 Your Spells              Type           Power        Failure   Level
a - Sandblast             Erth           36%          2%          1
b - Passwall              Tmut/Erth      9%           9%          2
c - Stone Arrow           Conj/Erth      20%          21%         3

Your spell library contained the following spells:

 Spells                   Type           Power        Failure   Level
 Petrify                  Tmut/Erth      11%          50%         4
 Lee's Rapid Deconstruct  Erth           9%           54%         5


Dungeon Overview and Level Annotations

Branches:
Dungeon (4/15)
 Temple: D:4-7

Altars:
Fedhas
Vehumet

Annotations:
D:2 exclusion: oklob plant


Innate Abilities, Weirdness & Mutations

You are resistant to torment.
Your stone body is resilient. (AC +4)
You are immune to poison.
You resist negative energy. (rN+)
You are resistant to electric shocks. (rElec)
You can survive without breathing.
You are immune to petrification.
You are immune to miasma.


Message History

b - 65 stones Unknown command.
Casting: Sandblast (safe; 2% risk of failure)
Confirm with . or Enter, or press ? or * to list all spells.
Aiming: Sandblast (safe; 2% risk of failure)
Press: ? - help, Shift-Dir - straight line, f/p - ogre
Aim: an ogre, wielding a +0 giant spiked club (lightly wounded, 10% to evade)
The blast of sand hits the ogre!
The ogre is heavily wounded.
b - 64 stones
Casting: Sandblast (safe; 2% risk of failure)
Confirm with . or Enter, or press ? or * to list all spells.
Aiming: Sandblast (safe; 2% risk of failure)
Press: ? - help, Shift-Dir - straight line, f/p - ogre
Aim: an ogre, wielding a +0 giant spiked club (heavily wounded, 10% to evade)
The blast of sand misses the ogre.
b - 63 stones The ogre hits you with a +0 giant spiked club!!
Ouch! That really hurt!
You die...

.# #
.#.
##.#.
#...
#..#
#?.
#O#
#@#
#.#
#.#
#.#
#.#
#.#
#.#
#..


You could see an ogre.

Vanquished Creatures
  An iguana (D:4)
  Terence (D:3)
  2 adders (D:2)
  An ooze (D:1)
  3 dart slugs
  2 leopard geckos (D:1)
  An orc (D:3)
  2 giant cockroaches
  7 goblins
  3 hobgoblins
  2 jackals (D:2)
  4 quokkas
  2 ball pythons
  5 bats
  4 frilled lizards
  3 kobolds
  4 rats
47 creatures vanquished.

Notes
Turn   | Place    | Note
-------+----------+-------------------------------------------
     0 | D:1      | Zeld the Gargoyle Earth Elementalist began the quest for
                  | the Orb.
     0 | D:1      | Reached XP level 1. HP: 10/10 MP: 3/3
   122 | D:1      | Reached skill level 4 in Earth Magic
   122 | D:1      | Reached XP level 2. HP: 9/15 MP: 3/5
   125 | D:1      | Learned a level 2 spell: Passwall
   649 | D:1      | Reached XP level 3. HP: 19/19 MP: 4/6
   654 | D:1      | Learned a level 3 spell: Stone Arrow
  1081 | D:2      | Found a blossoming altar of Fedhas.
  1093 | D:2      | Noticed an oklob plant
  1210 | D:2      | Reached skill level 1 in Shields
  1626 | D:2      | Reached XP level 4. HP: 21/24 MP: 2/7
  2133 | D:3      | Noticed Terence
  2193 | D:3      | Killed Terence
  2349 | D:3      | Found a radiant altar of Vehumet.
  2788 | D:4      | Noticed an ogre
  2789 | D:4      | Reached skill level 5 in Earth Magic
  2789 | D:4      | Reached XP level 5. HP: 28/28 MP: 5/9
  2791 | D:4      | Slain by an ogre

Illustrated notes

Levels and vault maps discovered:
D:1:      evilmike_arrival_fibonacci_small, layout_basic
D:2:      layout_basic, tgw_fedhas
D:3:      layout_basic, overflow_temple_1_default, uniq_terence
D:4:      layout_loops_ring, marbit_many_paths, lemuel_coloured_pillars_altar

Skill      XL: |  1  2  3  4 |
---------------+-------------+-----
Earth Magic    | 4 5 |  5.1
Dodging        | 2 |  2.3
Shields        | 1 2 |  2.1
Stealth        | |  2.1
Spellcasting   | |  2.6
Transmutations | |  0.7

Action                   |  1- 3 |  4- 6 || total
-------------------------+-------+-------++-------
Melee: Unarmed           |    19 |     4 ||    23
 Cast: Sandblast         |    53 |    37 ||    90
  Use: Scroll            |       |     6 ||     6
Armor: Robe              |    14 |     9 ||    23
Dodge: Dodged            |    27 |    11 ||    38
